 Dungeon Crawl Stone Soup version 0.31.0-11-ge490571c62 (webtiles) character file.

Game seed: 4121962751992318483

82 Flugkiller the Chiller (level 4, -6/21 HPs)
             Began as a Vine Stalker Ice Elementalist on Feb 1, 2024.
             Mangled by Menkaure (14 damage)
             ... on level 4 of the Dungeon.
             The game lasted 00:02:21 (461 turns).

Flugkiller the Chiller (VSIE)                        Turns: 461, Time: 00:02:22

Health: -6/21      AC:  2    Str: 11    XL:     4   Next: 43%
Magic:  0/10       EV: 12    Int: 17    God:
Gold:   32         SH:  0    Dex: 14    Spells: 6/10 levels left

rFire   . . .        b - +0 short sword
rCold   . . .        (no shield)
rNeg    . . .        a - +0 robe
rPois   .            (no helmet)
rElec   .            (no cloak)
rCorr   .            (no gloves)
SInv    +            (no boots)
Will    .....        (no amulet)
Stlth   ++           i - ring of see invisible
HPRegen 1.03/turn    (no ring)
MPRegen 0.12/turn

%: guardian spirit
@: no status effects
A: fangs 2, regeneration 1, magic shield, antimagic bite, no potion heal 2
a: no special abilities


You were on level 4 of the Dungeon.
You visited 1 branch of the dungeon, and saw 4 of its levels.

You collected 32 gold pieces.

Inventory:

Hand Weapons
 b - a +0 short sword (weapon)
   (You took it off an orc on level 3 of the Dungeon)
Armour
 a - a +0 robe (worn)
Jewellery
 i - a ring of see invisible (left hand)
   (You found it on level 2 of the Dungeon)
Wands
 e - a wand of polymorph (6)
   (You found it on level 3 of the Dungeon)
 g - a wand of iceblast (3)
   (You found it on level 3 of the Dungeon)
Scrolls
 c - a scroll of vulnerability {unknown}
 d - a scroll of identify {unknown}
 f - a scroll of blinking {unknown}


   Skills:
 - Level 1.5 Dodging
 - Level 2.4 Stealth
 + Level 3.6 Spellcasting
 + Level 4.9 Ice Magic


You had 6 spell levels left.
You knew the following spells:

 Your Spells              Type           Power      Damage    Failure   Level
a - Freeze                Ice            80%        1d9       2%          1
b - Frozen Ramparts       Ice            40%        1d7       6%          3

Your spell library contained the following spells:

 Spells                   Type           Power      Damage    Failure   Level
 Ozocubu's Armour         Ice            20%        N/A       6%          3
 Summon Ice Beast         Ice/Summ       11%        N/A       19%         3


Dungeon Overview and Level Annotations

Branches:
Dungeon (4/15) Zot: 23510
 Temple: D:4-7

Altars:
Okawaru

Annotations:
D:4 Menkaure, Sigmund


Innate Abilities, Weirdness & Mutations

You have extremely sharp teeth.
Your natural rate of healing is unusually fast.
When hurt, damage is shared between your health and your magic reserves.
Your bite disrupts and absorbs the magic of your enemies.
Potions cannot restore your health.


Message History

Unknown command.
The wall freezes the orc.
The wall freezes the orc.
You kill the orc!
The wall freezes the orc.
The wall freezes the orc.
You kill the orc!
The wall freezes the orc but does no damage.
The wall freezes the orc.
The wall freezes the orc but does no damage.
The orc barely misses you.
You hit the orc but do no damage.
The orc is lightly wounded.
The wall freezes the orc.
The orc hits you with a +0 flail.
You hit the orc but do no damage.
The orc is moderately wounded.
The wall freezes the orc.
The orc hits you with a +0 flail!
You hit the orc but do no damage. You bite the orc.
You kill the orc!
The frozen ramparts melt away.
Things that are here:
a +0 flail; a +0 ring mail
Items here: ))) [[ †.
An orc comes into view. It is wielding a +0 short sword.
The orc barely misses you.
Casting: Frozen Ramparts (quite dangerous; 6% risk of failure)
Confirm with . or Enter, or press ? or * to list all spells.
Aiming: Freeze (safe; 2% risk of failure)
Press: ? - help, Shift-Dir - straight line, f - orc
Aim: an orc, wielding a +0 short sword and wearing a +0 chain mail You freeze the orc.
The orc is moderately wounded.
The orc closely misses you.
Casting: Freeze (safe; 2% risk of failure)
Confirm with . or Enter, or press ? or * to list all spells.
Aiming: Freeze (safe; 2% risk of failure)
Press: ? - help, Shift-Dir - straight line, f/p - orc
Aim: an orc, wielding a +0 short sword and wearing a +0 chain mail (moderately wounded)
You freeze the orc!
You kill the orc!
Things that are here:
a +0 short sword; a +0 chain mail
Things that are here:
a +0 short sword; a +0 chain mail
b - a +0 short sword (weapon)
The orc shouts!
There is a stone staircase leading down here.
You climb downwards.
Level annotation: Menkaure
There is a stone staircase leading up here.
Unknown command.
Sigmund the Dreaded comes into view.
He is wielding a +3 antimagic scythe.
Sigmund shouts!
Sigmund gestures at you while chanting. The magic dart hits you!
There is a stone staircase leading up here.
You climb upwards.
The orc hits you with a +0 mace!
There is a stone staircase leading down, spattered with blood here.
Casting: Freeze (safe; 2% risk of failure)
Confirm with . or Enter, or press ? or * to list all spells.
Aiming: Freeze (safe; 2% risk of failure)
Press: ? - help, Shift-Dir - straight line, f - orc
Aim: an orc, wielding a +0 mace You freeze the orc.
The orc is severely wounded.
The orc hits you with a +0 mace.
You closely miss the orc. Your bite misses the orc.
The orc is heavily wounded.
The orc barely misses you.
You barely miss the orc. You bite the orc.
You kill the orc!
You see here a +0 mace.
There is a stone staircase leading down, spattered with blood here.
You open the door.
Found a bronze wand.
Found a flail.
There is an open door here.
e - a wand of polymorph (6)
You open the door.
Found a gold wand.
There is an open door here.
g - a wand of iceblast (4)
You open the door.
There is an open door here.
You see here a +0 ring mail.
There is an open door here.
There is a stone staircase leading down here.
You climb downwards.
Level annotation: Menkaure, Sigmund Menkaure hits you!!
Ouch! That really hurt!
There is a stone staircase leading up, spattered with blood here.
Aiming: Iceblast
Press: ? - help, Shift-Dir - straight line The mass of ice explodes!
The iceblast engulfs Menkaure!
Menkaure partially resists.
Menkaure is moderately damaged.
Menkaure hits you!!
Ouch! That really hurt!
You die...

....#.
...#..#######
(...........#
............#
............#
..#.........#
#.....M.....#
#....@....#
#.........#
#.........#
#...#######
#... #... #..
###


You could see Menkaure.

Vanquished Creatures
  2 orc wizards (D:3)
  3 dart slugs (D:3)
  8 orcs (D:3)
  A bat (D:3)
  A giant cockroach (D:3)
  3 ball pythons
  A frilled lizard (D:2)
  A rat (D:3)
20 creatures vanquished.

Notes
Turn   | Place    | Note
-------+----------+-------------------------------------------
     0 | D:1      | Flugkiller the Vine Stalker Ice Elementalist began the
                  | quest for the Orb.
     0 | D:1      | Reached XP level 1. HP: 9/9 MP: 4/4
   103 | D:3      | Found an iron altar of Okawaru.
   194 | D:3      | Noticed an orc wizard
   195 | D:3      | Noticed an orc wizard
   224 | D:3      | Killed an orc wizard
   225 | D:3      | Reached XP level 2. HP: 13/13 MP: 5/7
   225 | D:3      | Reached XP level 3. HP: 16/16 MP: 5/8
   236 | D:3      | Reached XP level 4. HP: 21/21 MP: 2/10
   249 | D:3      | Learned a level 3 spell: Frozen Ramparts
   276 | D:4      | Noticed Menkaure
   393 | D:4      | Noticed Sigmund
   461 | D:4      | Mangled by Menkaure

Illustrated notes

Levels and vault maps discovered:
D:1:      dpeg_arrival_water_fire, layout_rooms, serial_shops,
          nicolae_shop_window_shopping, minmay_split_cup_large
D:2:      minmay_chambers_of_twos, layout_loops_ring
D:3:      layout_basic, nicolae_overflow_crystal_walls,
          chequers_serial_rivers_large_b, dk_noncrumbling_3,
          minmay_misc_feat_nine_boxes
D:4:      minmay_goblin_kobold_castle, layout_rooms, uniq_eustachio,
          uniq_sigmund, uniq_menkaure

Skill      XL: |  1 |
---------------+----+-----
Spellcasting   | 3 |  3.6
Dodging        | |  1.5
Stealth        | |  2.4
Ice Magic      | |  4.9

Action                     |  1- 3 |  4- 6 || total
---------------------------+-------+-------++-------
  Melee: Unarmed           |    22 |     7 ||    29
         Bite              |     4 |     3 ||     7
         Short sword       |       |     2 ||     2
   Cast: Freeze            |    12 |    11 ||    23
         Frozen Ramparts   |       |     1 ||     1
  Evoke: Wand              |       |     1 ||     1
    Use: Potion            |     2 |       ||     2
 Armour: Robe              |    22 |    10 ||    32
  Dodge: Dodged            |     8 |    10 ||    18
